 Dungeon Crawl Stone Soup version 0.32-a0-898-g7811c86cf0 (webtiles) character file.

Game seed: 11276078366268847408

53183 jasper the Black Belt (level 14, -7/148 HPs)
             Began as a Minotaur Brigand on Apr 4, 2024.
             Was an Initiate of Gozag.
             Mangled by a fire crab (14 damage)
             ... on level 5 of the Lair of Beasts.
             The game lasted 00:27:55 (16875 turns).

jasper the Black Belt (Minotaur Brigand)           Turns: 16875, Time: 00:27:56

Health: -7/148     AC:  9    Str: 21    XL:     14   Next: 29%
Magic:  13/13      EV: 19    Int:  8    God:    Gozag
Gold:   5922       SH:  5    Dex: 17    Spells: 13/13 levels left

rFire   . .          .
                       - Unarmed
rCold   + . .        k - melded +2 buckler {AC+3}
rNeg    . . .        K - melded +2 robe {rC+ rF+}
rPois   +            (helmet currently unavailable)
rElec   .            m - melded scarf of the Thistle {rC+ rF+, *Slow rElec Regen+ Dex+2}
rCorr   .            a - melded +0 pair of gloves
SInv    .            x - melded +0 pair of boots
Will    +....        P - amulet of reflection
Stlth   ++           J - ring of Surprise {rC+ EV+5}
HPRegen 0.44/turn    V - +4 ring of slaying
MPRegen 0.13/turn

%: reflection
@: snake-form, gold aura
A: constrict, boosted hp, large, (horns 2), (retaliatory headbutt)
a: Begin Untransformation, Renounce Religion, Potion Petition, Call Merchant,
Bribe Branch


You were on level 5 of the Lair of Beasts.
You worshipped Gozag.
Gozag was greatly pleased with you.
You were an enormous serpent.
You visited 3 branches of the dungeon, and saw 19 of its levels.
You also visited: Bailey.

You collected 6883 gold pieces.
You spent 851 gold pieces at shops.
You paid 110 gold pieces to Gozag.

Inventory:

Missiles
 d - 30 poisoned darts (quivered)
 e - 2 curare-tipped darts
 i - 150 stones
 E - 9 boomerangs
 G - 13 javelins
 R - 6 throwing nets
Armour
 a - a +0 pair of gloves (melded)
 k - a +2 buckler of protection (melded)
 m - the scarf of the Thistle (melded) {rC+ rF+, *Slow rElec Regen+ Dex+2}
   (You acquired it on level 2 of the Dungeon)

   Dex+2:     It affects your dexterity (+2).
   rElec:     It insulates you from electricity.
   Regen+:    It increases your rate of health regeneration.
   *Slow:     It may slow you when you take damage.
 x - a +0 pair of boots (melded)
 K - a +2 robe of resistance (melded)
Jewellery
 w - a ring of resist corrosion
 C - a ring of positive energy
 H - a ring of protection from cold
 J - the ring of Surprise (left hand) {rC+ EV+5}
   (You found it on level 10 of the Dungeon)

   [ring of evasion]

   EV+5:      It affects your evasion (+5).
   rC+:       It protects you from cold.
 O - a ring of protection from fire
 P - an amulet of reflection (around neck)
 Q - a +6 ring of strength
 V - a +4 ring of slaying (right hand)
Talismans
 v - a serpent talisman (active)
Wands
 n - a wand of paralysis (22)
 o - a wand of flame (9)
 L - a wand of polymorph (14)
 W - a wand of digging (5)
 Z - a wand of roots (9)
Scrolls
 c - a scroll of vulnerability
 f - 3 scrolls of blinking
 p - a scroll of silence
 q - 3 scrolls of fog
 r - 5 scrolls of identify
 s - 9 scrolls of teleportation
 t - 6 scrolls of revelation
 u - 2 scrolls of amnesia
 y - 2 scrolls of fear
 A - 2 scrolls of brand weapon
 D - 4 scrolls of enchant armour
 I - 2 scrolls of enchant weapon
Potions
 b - a potion of enlightenment
 g - 3 potions of mutation
 h - 9 potions of curing
 j - a potion of attraction
 l - a potion of lignification
 B - a potion of experience
 F - 3 potions of resistance
 N - 4 potions of brilliance
 U - 3 potions of haste
 Y - 3 potions of cancellation
Miscellaneous
 S - a lightning rod (4/4)


   Skills:
 + Level 11.0 Fighting
 - Level 2.1 Short Blades
 - Level 2.0 Throwing
 + Level 10.0 Dodging
 - Level 3.2 Stealth
 * Level 18.6 Unarmed Combat
 + Level 11.0 Shapeshifting


You had 13 spell levels left.
You didn't know any spells.
Your spell library contained the following spells:

 Spells                   Type           Power      Damage    Failure   Level
 Apportation              Tloc           0%         N/A       41%         1
 Necrotise                Necr           0%         1d4       41%         1
 Slow                     Hex            0%         N/A       41%         1
 Sting                    Conj/Alch      0%         1d3       41%         1
 Summon Small Mammal      Summ           0%         N/A       41%         1
 Lesser Beckoning         Tloc           0%         N/A       54%         2
 Call Canine Familiar     Summ           0%         N/A       78%         3
 Confusing Touch          Hex            0%         N/A       78%         3
 Maxwell's Portable Pile  Tloc           0%         2d(5-13)  78%         3
 Sigil of Binding         Hex            0%         N/A       78%         3
 Teleport Other           Tloc           0%         N/A       78%         3
 Tukima's Dance           Hex            0%         N/A       78%         3
 Vampiric Draining        Necr           0%         2d6       78%         3
 Dimensional Bullseye     Hex/Tloc       0%         N/A       99%         4
 Passage of Golubria      Tloc           0%         N/A       99%         4
 Yara's Violent Unravell  Hex/Alch       0%         3d3       100%        5


Dungeon Overview and Level Annotations

Branches:
Dungeon (13/15)            Temple (1/1) D:5            Lair (5/5) D:11
  Swamp (0/4) Lair:2        Snake (0/4) Lair:3        Slime (0/5) Lair:4
    Orc (0/2) D:10         Bailey (visited)
 Vaults: D:13-14

Altars:
Ashenzari
Cheibriados
Dithmenos
Elyvilon
Fedhas
Gozag
Hepliaklqana
Kikubaaqudgha
Makhleb
Nemelex Xobeh
Okawaru
Qazlal
Ru
Sif Muna
Trog
Uskayaw
Vehumet
Wu Jian
Xom
Yredelemnul
Zin
The Shining One
Jiyva

Shops:
D:3 ?(   D:6 =*?   D:8 *

Annotations:
D:7 4 runed translucent doors, Crazy Yiuf; NotBatman's ghost, novice MDFi; Rudyous's ghost, novice BaIE; bmack86's ghost, novice MiFi; pokeman's ghost, novice DEHW
D:10 2 transporters
Lair:4 exclusion: 3 oklob plants
Lair:5 exclusion: oklob plant


Innate Abilities, Weirdness & Mutations

You are an enormous serpent.
You have a powerful constriction melee attack.
Your maximum health is increased.
Your armour is entirely melded.
You are incapable of wielding weapons or throwing items.
((You have a pair of horns on your head.))
((You reflexively headbutt those who attack you in melee.))


Message History

The komodo dragon hisses angrily.
You lash the fire crab! You grab the fire crab.
The fire crab is moderately wounded.
You constrict the fire crab, but do no damage.
You hit the fire crab.
The fire crab is moderately wounded.
You constrict the fire crab. The fire crab closely misses you.
You block the fire crab's attack.
You hit the fire crab.
The fire crab is moderately wounded.
The ice encasing you melts away.
You constrict the fire crab, but do no damage.
The fire crab closely misses you. You block the fire crab's attack.
You hit the fire crab.
The fire crab is heavily wounded.
You constrict the fire crab, but do no damage.
You take 10 damage, and have 32/148 hp.
You hit the fire crab but do no damage.
The fire crab is heavily wounded.
You constrict the fire crab.
The water moccasin is no longer distracted by gold.
The fire crab misses you. x2
The dream sheep is distracted by your dazzling golden aura.
The blink frog is distracted by your dazzling golden aura.
The blink frog croaks.
You lash the fire crab!
The fire crab is severely wounded.
You constrict the fire crab, but do no damage.
You hear a roar!
The blink frog is no longer distracted by gold.
The komodo dragon is no longer distracted by gold.
The fire crab bites you.
* * * LOW HITPOINT WARNING * * *
You are engulfed in flames!
* * * LOW HITPOINT WARNING * * *
The fire crab claws you!
* * * LOW HITPOINT WARNING * * *
You are engulfed in flames!
You die...
Your body crumbles into a pile of gold.

.$...........#....##
##
......PF.#.#.##.l.#
.......##.######k##
.....#P#### #S#
....#### #F# ...#.
#{# ..#### #Y# ###
#t# #S# ###


You could see a fire crab, a komodo dragon, a blink frog, a water moccasin, a
wyvern and a dream sheep.

Vanquished Creatures
  Josephine (Lair:4)
  2 hydras
  2 two-headed ogres
  3 death yaks (Lair:4)
  Urug (Lair:4)
  Nergalle (D:10)
  A skyshark (Lair:5)
  Lodul (D:10)
  2 spriggan druids (Lair:2)
  2 lindwurms
  Pikel (D:7)
  A salamander (shapeshifter) (D:13)
  2 cyclopes (D:12)
  A manticore (D:12)
  9 elephants
  5 black mambas
  A guardian serpent (Lair:3)
  A gargoyle (D:13)
  14 cane toads
  4 rime drakes (Lair:5)
  9 komodo dragons
  2 polar bears
  3 trolls
  Prince Ribbit (D:5)
  2 hornets
  31 blink frogs
  6 dream sheep (Lair:5)
  A slime creature (D:13)
  43 yaks
  4 wraiths
  8 wyverns
  2 steam dragons
  2 vampire mosquitoes (D:13)
  4 basilisks
  Menkaure (D:7)
  21 water moccasins
  Edmund (D:5)
  An acid dragon (D:12)
  9 orc warriors
  2 ice beasts (D:6)
  5 sky beasts
  8 ogres
  4 black bears
  27 wolves
  10 centaurs
  4 phantoms
  3 lemures (D:7)
  7 bullfrogs
  8 gnoll sergeants
  A scorpion (D:5)
  9 killer bees
  3 bombardier beetles
  6 howler monkeys
  3 electric eels (Lair:2)
  A jelly (D:5)
  4 orc priests (D:9)
  6 hounds
  8 gnoll boudas
  A sleepcap (D:4)
  Ijyb (D:5)
  5 iguanas
  15 orc wizards
  21 gnolls
  11 adders
  A white imp (D:6)
  2 dart slugs
  2 ribbon worms
  48 orcs
  3 endoplasms
  4 giant cockroaches
  10 goblins
  7 hobgoblins
  2 jackals (D:5)
  4 quokkas
  5 ball pythons
  5 bats
  6 kobolds
  3 rats
481 creatures vanquished.

Notes
Turn   | Place    | Note
-------+----------+-------------------------------------------
     0 | D:1      | jasper the Minotaur Brigand began the quest for the Orb.
     0 | D:1      | Reached XP level 1. HP: 18/18 MP: 0/0
   101 | D:1      | Reached skill level 1 in Unarmed Combat
   111 | D:1      | Reached XP level 2. HP: 25/25 MP: 1/1
   829 | D:1      | Identified a scroll of acquirement
   829 | D:1      | Acquired a +1 buckler of protection
   893 | D:2      | Reached skill level 2 in Unarmed Combat
   893 | D:2      | Reached XP level 3. HP: 28/31 MP: 2/2
   978 | D:2      | Acquired the scarf of the Thistle {rC+ rF+, *Slow rElec
                  | Regen+ Dex+2}
  1528 | D:3      | Found Guustrah's Magic Scroll Emporium.
  1556 | D:3      | Reached skill level 3 in Unarmed Combat
  1556 | D:3      | Reached XP level 4. HP: 18/38 MP: 3/3
  1574 | D:3      | Bought a scroll of blinking for 90 gold pieces
  1574 | D:3      | Bought a scroll of identify for 24 gold pieces
  1778 | D:3      | Found Fawuaw's Antique Weapon Emporium.
  1884 | D:3      | Reached XP level 5. HP: 46/46 MP: 4/4
  2102 | D:3      | Bought a scroll of fear for 48 gold pieces
  2181 | D:3      | Noticed a phantom
  2198 | D:3      | Killed a phantom
  2199 | D:3      | Reached skill level 4 in Unarmed Combat
  2591 | D:4      | Reached XP level 6. HP: 53/53 MP: 5/5
  2798 | D:4      | Noticed a steam dragon
  2814 | D:4      | Killed a steam dragon
  2815 | D:4      | Reached skill level 5 in Unarmed Combat
  3139 | D:5      | Entered Level 5 of the Dungeon
  3141 | D:5      | Noticed Prince Ribbit
  3146 | D:5      | Reached XP level 7. HP: 60/60 MP: 6/6
  3158 | D:5      | Killed Prince Ribbit
  3159 | D:5      | Reached skill level 5 in Fighting
  3159 | D:5      | Reached skill level 6 in Unarmed Combat
  3189 | D:5      | Noticed Edmund
  3193 | D:5      | Reached skill level 14 in Unarmed Combat
  3193 | D:5      | Reached XP level 8. HP: 67/69 MP: 7/7
  3201 | D:5      | Killed Edmund
  3205 | D:5      | Noticed Ijyb
  3211 | D:5      | Killed Ijyb
  3470 | D:5      | Found a staircase to the Ecumenical Temple.
  3484 | D:5      | Reached XP level 9. HP: 75/75 MP: 8/8
  3491 | Temple   | Entered the Ecumenical Temple
  3576 | Temple   | Became a worshipper of Gozag Ym Sagoz the Greedy
  3926 | D:6      | Reached skill level 5 in Dodging
  3998 | D:6      | Found Vouroree's Jewellery Shop.
  4006 | D:6      | Reached skill level 15 in Unarmed Combat
  4083 | D:6      | Found Naomm's General Store.
  4086 | D:6      | Bought a +1 cloak for 161 gold pieces
  4086 | D:6      | Bought a scroll of teleportation for 42 gold pieces
  4102 | D:6      | Found Xeyzxid's Magic Scroll Emporium.
  4338 | D:7      | Found a burning altar of Makhleb.
  4344 | D:7      | Noticed Menkaure
  4352 | D:7      | Killed Menkaure
  4602 | D:7      | Noticed Pikel
  4610 | D:7      | Killed Pikel
  4613 | D:7      | Found a blossoming altar of Fedhas.
  4825 | D:7      | Found a runed translucent door.
  4826 | D:7      | Noticed Crazy Yiuf
  5015 | D:7      | Found a runed translucent gate.
  5026 | D:7      | Found a runed translucent gate.
  5027 | D:7      | Found a runed translucent gate.
  5028 | D:7      | Noticed pokeman's ghost (novice DEHW)
  5028 | D:7      | Noticed NotBatman's ghost (novice MDFi)
  5029 | D:7      | Noticed bmack86's ghost (novice MiFi)
  5029 | D:7      | Noticed Rudyous's ghost (novice BaIE)
  5227 | D:8      | Found Esiorghimm's General Store.
  5235 | D:8      | Bought a potion of curing for 36 gold pieces
  5260 | D:8      | Reached XP level 10. HP: 86/86 MP: 9/9
  5301 | D:8      | Noticed a two-headed ogre
  5309 | D:8      | Killed a two-headed ogre
  5447 | D:8      | Found a flagged portal.
  5484 | Bailey   | Entered a bailey
  5707 | Bailey   | Reached skill level 16 in Unarmed Combat
  6703 | D:9      | Noticed a two-headed ogre
  6713 | D:9      | Killed a two-headed ogre
  6942 | D:9      | Found a radiant altar of Vehumet.
  6945 | D:9      | Found a shimmering altar of Xom.
  7096 | D:6      | Bought a serpent talisman for 450 gold pieces
  7130 | D:10     | Entered Level 10 of the Dungeon
  7228 | D:10     | Reached XP level 11. HP: 93/95 MP: 10/10
  7251 | D:10     | Found a snail-covered altar of Cheibriados.
  7268 | D:10     | Noticed Nergalle
  7268 | D:10     | Noticed Lodul
  7409 | D:10     | Reached skill level 1 in Shapeshifting
  7477 | D:10     | Noticed a tengu warrior
  7499 | D:10     | Found a transporter.
  7743 | D:11     | Found a staircase to the Lair.
  8320 | D:11     | Reached skill level 5 in Shapeshifting
  9009 | D:12     | Found a glowing silver altar of Zin.
  9706 | D:13     | Noticed a vault guard
  9707 | D:13     | Noticed a centaur warrior
  9788 | D:13     | Noticed a centaur warrior
  9791 | D:13     | Noticed a centaur warrior
  9936 | D:10     | Found a transporter.
 10015 | D:10     | Killed Nergalle
 10016 | D:10     | Reached XP level 12. HP: 65/103 MP: 11/11
 10399 | D:10     | Killed Lodul
 10574 | D:10     | Identified the ring of Surprise {rC+ EV+5}
 10624 | D:10     | a swamp drake changed into an entropy weaver
 10624 | D:10     | Noticed an entropy weaver (shapeshifter)
 10677 | D:10     | Found a staircase to the Orcish Mines.
 10796 | Lair:1   | Entered Level 1 of the Lair of Beasts
 11199 | Lair:1   | Reached skill level 10 in Shapeshifting
 12037 | Lair:2   | Acquired 1153 gold pieces
 12092 | Lair:2   | Noticed a seven-headed hydra
 12094 | Lair:2   | Acquired 745 gold pieces
 12106 | Lair:2   | Killed a seven-headed hydra
 12451 | Lair:2   | Found a staircase to the Swamp.
 13293 | Lair:3   | Reached XP level 13. HP: 110/110 MP: 12/12
 13428 | Lair:3   | Identified the +6 rapier of Prudence {flame, ^Contam rF+
                  | Dex+3}
 13551 | Lair:3   | Reached skill level 17 in Unarmed Combat
 13778 | Lair:3   | Found a staircase to the Snake Pit.
 14498 | Lair:4   | Noticed Urug
 14502 | Lair:4   | Noticed Josephine
 14506 | Lair:4   | Killed Urug
 14513 | Lair:4   | Killed Josephine
 15217 | Lair:4   | Reached skill level 10 in Fighting
 15969 | Lair:4   | Found a viscous altar of Jiyva.
 15971 | Lair:4   | Found a staircase to the Slime Pits.
 16007 | Lair:5   | Entered Level 5 of the Lair of Beasts
 16016 | Lair:5   | Reached skill level 18 in Unarmed Combat
 16484 | Lair:5   | Reached XP level 14. HP: 122/122 MP: 13/13
 16867 | Lair:5   | Reached skill level 10 in Dodging
 16875 | Lair:5   | HP: 7/148 [fire crab (10)]
 16875 | Lair:5   | Mangled by a fire crab

Illustrated notes

Levels and vault maps discovered:
D:1:      dpeg_arrival_oval, layout_basic, kennysheep_nondescript
D:2:      layout_basic
D:3:      layout_loops_ring, serial_shops, shop, shop, minivault_4,
          kennysheep_generic_room_16
D:4:      layout_loops_ring, chequers_garden, minmay_cut_off
D:5:      layout_rooms, minmay_temple_entry_offerings, uniq_ijyb,
          uniq_prince_ribbit1, uniq_edmund
D:6:      layout_cave_pools, serial_shops, shop, nicolae_shop_window_shopping,
          nicolae_shop_hallway_stairs
D:7:      layout_gridville, lemuel_round_altar,
          mainiacjoe_overflow_small_starburst, gammafunk_ghost_cemetery,
          uniq_menkaure, uniq_crazy_yiuf_cottage, uniq_pikel
D:8:      layout_gridville, serial_shops, shop, enter_bailey_5
D:9:      layout_rooms, jmf_multi_god_temple2
D:10:     layout_rooms, gammafunk_temple_overflow_arena, david_orc_4,
          uniq_lodul, uniq_nergalle
D:11:     dreamdust_cave_troll, layout_loops_corners, minmay_lair_entry_grove,
          serial_library_hellmonk_recessed_alcove
D:12:     layout_basic, chequers_serial_rivers_small_b, zin_academy
D:13:     kennysheep_snake, layout_rooms, lightli_vaults_fourway_checkpoint,
          chequers_serial_rivers_micro_d
Temple:   minmay_crystal_spiral_temple
Lair:1:   layout_gridlike, grunt_megastairs_1, lemuel_fruit_tree
Lair:2:   layout_cave_pods, mainiacjoe_swamp_entry_angry_trees,
          serial_bayou_lake_a, serial_bayou_shore_b, grunt_megastairs_3
Lair:3:   layout_regular_city, minmay_snake_entry_spellcaster,
          chequers_serial_rivers_micro_a, gammafunk_lair_bear_cave
Lair:4:   layout_regular_city, minmay_slime_entry_oklob_enclosed,
          bh_autumn_forest_stairs, uniq_josephine, uniq_urug
Lair:5:   evil_forest, layout_hall_layers, ebering_ghost_xom

Skill      XL: |  1  2  3  4  5  6  7  8  9 10 11 12 13 14 |
---------------+-------------------------------------------+-----
Unarmed Combat | 1 2 3 4 5 14 15 16 18 | 18.6
Fighting       | 3 4 5 7 8 10 11 | 11.0
Dodging        | 2 3 4 6 7 9 10 | 10.0
Shapeshifting  | 7 10 11 | 11.0
Short Blades   | |  2.1
Throwing       | |  2.0
Stealth        | |  3.2

Action                     |  1- 3 |  4- 6 |  7- 9 | 10-12 | 13-15 || total
---------------------------+-------+-------+-------+-------+-------++-------
  Melee: Dagger            |    85 |    57 |       |       |       ||   142
         Headbutt          |     9 |    25 |    34 |   161 |       ||   229
         Unarmed           |       |    54 |   179 |   708 |   371 ||  1312
         Constrict         |       |       |       |    15 |    87 ||   102
  Throw: Dart              |     3 |     9 |     9 |    33 |       ||    54
  Evoke: Wand              |       |       |       |       |     1 ||     1
    Use: Scroll            |    12 |     5 |     3 |    11 |     1 ||    32
         Potion            |       |       |     1 |     6 |     1 ||     8
   Stab: Sleeping          |     2 |     1 |     2 |     4 |       ||     9
         Invisible         |       |       |       |     6 |       ||     6
         Held in net/web   |       |       |       |     1 |       ||     1
         Distracted        |       |       |       |     4 |     1 ||     5
 Armour: Robe              |     9 |       |     7 |   253 |       ||   269
         Scale mail        |    37 |    60 |    61 |       |       ||   158
         Skin              |       |       |       |    60 |   152 ||   212
  Dodge: Dodged            |    40 |    40 |    64 |   357 |   262 ||   763
  Block: Buckler           |    13 |    32 |    46 |   337 |       ||   428
         Reflection        |       |       |       |    18 |     1 ||    19
         Other             |       |       |       |    11 |    64 ||    75
   Form: Serpent           |       |       |       |     1 |       ||     1

Table legend: (Time is in decaauts)
 A = Elapsed time spent in this place.
 B = Non-inter-level travel time spent in this place.
 C = Inter-level travel time spent in this place.
 D = Time resting spent in this place.
 E = Time spent auto-exploring this place.
 F = Levels seen in this place.
 G = Mean time per level.
                   A        B        C        D        E       F      G
               +--------+--------+--------+--------+--------+-----+--------+
         Total |  16470 |  15666 |    804 |    513 |  11131 |  20 |  823.5 |
       Dungeon |   9826 |   9278 |    548 |    387 |   6411 |  13 |  755.8 |
        Temple |    170 |      2 |    168 |      0 |      0 |   1 |  170.0 |
          Lair |   5894 |   5806 |     88 |    125 |   4367 |   5 | 1178.8 |
        Bailey |    578 |    578 |      0 |      0 |    353 |   1 |  578.0 |
               +--------+--------+--------+--------+--------+-----+--------+

Top non-repeatable levels by time:
  Lair:4: 1589 daAuts
  Lair:2: 1520 daAuts
    D:11: 1390 daAuts
  Lair:3: 1117 daAuts
    D:10: 1029 daAuts
  Lair:1: 916 daAuts
     D:9: 910 daAuts
    D:12: 909 daAuts
     D:7: 895 daAuts
     D:1: 858 daAuts
     D:3: 806 daAuts
     D:4: 801 daAuts
  Lair:5: 750 daAuts
     D:2: 664 daAuts
  Bailey: 578 daAuts
